 Dungeon Crawl Stone Soup version 0.26-a0-720-g2a1d101370 (webtiles) character file.

Game seed: 8257406399073620377

148 runemasterragnar the Ducker (level 5, 0/36 HPs)
             Began as an Octopode Fighter on Nov 3, 2020.
             Killed by divine providence
             ... invoked by an orc priest
              (12 damage)
             ... on level 3 of the Dungeon.
             The game lasted 00:01:28 (2056 turns).

runemasterragnar the Ducker (Octopode Fighter)      Turns: 2056, Time: 00:01:29

Health: 0/36       AC:  1    Str: 15    XL:     5   Next: 30%
Magic:  5/5        EV: 12    Int: 11    God:
Gold:   129        SH:  9    Dex: 12    Spells: 4/4 levels left

rFire    . . .     SeeInvis .   a - +0 long sword
rCold    . . .     Faith    .   b - +0 kite shield
rNeg     . . .     Spirit   .   (helmet restricted)
rPois    .         Reflect  .   (no amulet)
rElec    .         Harm     .   (no ring)
rCorr    .         Rampage  .   (no ring)
MR       .....                  (no ring)
Stlth    ++........             (no ring)
HPRegen  0.12/turn              (no ring)
MPRegen  0.09/turn              (no ring)
                                (no ring)
                                (no ring)

@: no status effects
A: almost no armour, stealthy swim, amphibious, 8 rings, constrict 8, camouflage
1, gelatinous body 1
a: no special abilities


You were on level 3 of the Dungeon.
You visited 1 branch of the dungeon, and saw 3 of its levels.

You collected 129 gold pieces.

Inventory:

Hand Weapons
 a - a +0 long sword (weapon)
Missiles
 g - 10 poisoned darts (quivered)
Armour
 b - a +0 kite shield (worn)
Scrolls
 f - 2 scrolls of identify {unknown}
 h - 2 scrolls of enchant weapon {unknown}
 i - a scroll of magic mapping {unknown}
 j - a scroll of random uselessness {unknown}
 k - a scroll of remove curse {unknown}
 l - a scroll of fear {unknown}
Potions
 c - a potion of might
 e - a potion of haste {unknown}


   Skills:
 + Level 3.5 Fighting
 * Level 3.4 Long Blades
 + Level 1.3 Throwing
 + Level 3.5 Dodging
 + Level 3.4 Shields
 + Level 1.6 Unarmed Combat


You had 4 spell levels left.
You didn't know any spells.
Your spell library was empty.

Dungeon Overview and Level Annotations

Branches:
Dungeon (3/15)

Altars:


Innate Abilities, Weirdness & Mutations

You cannot wear most types of armour.
You are very stealthy in the water. (Stealth+)
You are amphibious.
You can wear up to eight rings at the same time.
You can use your tentacles to constrict eight enemies at once.
Your skin changes colour to match your surroundings (Stealth+).
Your rubbery body absorbs attacks. (AC +1, EV +1)


Message History

The orc priest shouts!
You hit the orc.
You kill the orc!
The orc misses you.
You hit the orc. You grab the orc.
The orc is severely wounded.
You constrict the orc.
You kill the orc!
Okay, then.
Okay, then.
You hit the orc priest. Your grab misses the orc priest.
The orc priest is moderately wounded.
You block the orc's attack.
The orc priest hits you with a cursed -3 mace.
Unknown command.
It was a potion of cancellation.
You feel magically purged. The orc hits you with a +0 mace.
The orc priest calls down the wrath of Beogh upon you.
Beogh smites you!
You die...

### #.. #.# ##
#.####### .
###.##@...### #o
###..o)oo.....##
.
##...######†....#
#. #..###
.###...######.##
#.##.##
..##..........#
#....#
..#...#####...
#.#.## #.##..# #
#.# #..#..# #)#
#..#..#


You could see 2 orc priests and an orc.

Vanquished Creatures
  2 orc priests (D:3)
  4 adders
  A dart slug (D:1)
  3 leopard geckos
  4 orcs (D:3)
  2 bats (D:2)
  A giant cockroach (D:1)
  6 goblins (D:1)
  7 hobgoblins
  2 quokkas
  A ball python (D:2)
  5 frilled lizards
  6 kobolds
  4 rats
48 creatures vanquished.

Vanquished Creatures (others)
  2 plants (D:1)
2 creatures vanquished.

Grand Total: 50 creatures vanquished

Notes
Turn   | Place    | Note
-------+----------+-------------------------------------------
     0 | D:1      | runemasterragnar the Octopode Fighter began the quest for
                  | the Orb.
     0 | D:1      | Reached XP level 1. HP: 16/16 MP: 1/1
    40 | D:1      | Reached XP level 2. HP: 1/21 MP: 2/2
  1018 | D:1      | Reached XP level 3. HP: 26/26 MP: 3/3
  1346 | D:2      | Reached skill level 1 in Unarmed Combat
  1486 | D:2      | Reached XP level 4. HP: 31/31 MP: 4/4
  1640 | D:2      | Found a faded altar of an unknown god.
  1712 | D:2      | Reached skill level 1 in Throwing
  1986 | D:3      | Reached XP level 5. HP: 11/36 MP: 5/5
  2056 | D:3      | Killed from afar by an orc priest

Illustrated notes

Levels and vault maps discovered:
D:1:      psy_arrival_basics, layout_loops_ring, chequers_big_river,
          minivault_26, minmay_stone_trees_small
D:2:      layout_basic, chequers_ecumenical_altar_simple
D:3:      layout_loops_corners, minmay_randomly_rotated_circles, uniq_natasha

Skill      XL: |  1  2  3  4 |
---------------+-------------+-----
Unarmed Combat | 1 |  1.6
Long Blades    | 3 |  3.4
Throwing       | 1 |  1.3
Fighting       | |  3.5
Dodging        | |  3.5
Shields        | |  3.4

Action                   |  1- 3 |  4- 6 || total
-------------------------+-------+-------++-------
Melee: Long sword        |    56 |    28 ||    84
       Constrict         |    17 |     9 ||    26
       Tentacles         |    13 |     6 ||    19
       Punch             |       |     1 ||     1
  Use: Potion            |       |     1 ||     1
 Stab: Sleeping          |     3 |     1 ||     4
Armor: Skin              |     2 |       ||     2
Dodge: Dodged            |    14 |    11 ||    25
Block: Kite shield       |    23 |    12 ||    35
       Rpst.: Long sword |     3 |     3 ||     6

Table legend: (Time is in decaauts)
 A = Elapsed time spent in this place.
 B = Non-inter-level travel time spent in this place.
 C = Inter-level travel time spent in this place.
 D = Time resting spent in this place.
 E = Time spent auto-exploring this place.
 F = Levels seen in this place.
 G = Mean time per level.
                   A        B        C        D        E       F      G
               +--------+--------+--------+--------+--------+-----+--------+
         Total |   2085 |   2057 |     28 |    385 |   1371 |   3 |  695.0 |
       Dungeon |   2085 |   2057 |     28 |    385 |   1371 |   3 |  695.0 |
               +--------+--------+--------+--------+--------+-----+--------+

Top non-repeatable levels by time:
     D:1: 1189 daAuts
     D:2: 751 daAuts
     D:3: 144 daAuts
